 Dungeon Sprint DCSS version 0.16-a0-3325-g64f94fb (webtiles) character file.

44 BluebellGnoll the Covert (level 3, -1/28 HPs)
             Began as a Deep Elf Enchanter on Dec 27, 2014.
             Was an Initiate of Vehumet.
             Slain by a yellow wasp (5 damage)
             ... in the Dungeon (Sprint IX: "|||||||||||||||||||||||||||||").
             The game lasted 00:03:16 (353 turns).

BluebellGnoll the Covert (Deep Elf Enchanter)        Turns: 353, Time: 00:03:16

Health: -1/28      AC: 10    Str: 13    XL:     3   Next: 41%
Magic:  2/10       EV: 15    Int: 20    God:    Vehumet [......]
Gold:   0          SH:  0    Dex: 15    Spells: 4 memorised, 0 levels left

rFire  . . .     SeeInvis .     t - +2 rapier (protect)
rCold  . . .     Clarity  .     b - +1 robe
rNeg   . . .     SustAb   .     (no shield)
rPois  .         Gourm    .     y - +0 helmet
rElec  .         Spirit   .     (no cloak)
rCorr  .         Warding  .     x - +0 pair of gloves
rMut   .         NoTele   +     (no boots)
MR     .....                    (no amulet)
Stlth  ..........               w - +3 ring of strength
                                v - +2 ring of evasion

@: berserking, lethally poisoned, very slightly contaminated, slowed, not
resistant to hostile enchantments, extremely unstealthy
A: no striking features
a: Renounce Religion


You were in the Dungeon.
You worshipped Vehumet.
Vehumet was noncommittal.
You were not hungry.

You visited 1 branch

Inventory:

Hand weapons
 a - a +1 dagger
 p - a +1 broad axe of freezing
 q - a +2 dire flail of protection
 r - a +2 halberd of venom
 s - a +4 quarterstaff of speed
 t - a +2 rapier of protection (weapon)
 u - a +2 scimitar of freezing
Armour
 b - a +1 robe (worn)
 x - a +0 pair of gloves (worn)
 y - a +0 helmet (worn)
Magical staves
 o - an uncursed staff of energy
Jewellery
 v - a +2 ring of evasion (left hand)
 w - a +3 ring of strength (right hand)
Magical devices
 n - a wand of draining (7)
Scrolls
 j - 2 scrolls of blinking
 l - 3 scrolls of remove curse
 m - 2 scrolls of amnesia
Potions
 e - 5 potions of curing
 f - 3 potions of heal wounds
 g - a potion of invisibility
 h - 4 potions of magic
Books
 c - a book of Maledictions

   Spells                             Type                      Level
   a - Corona                         Hexes                        1
   b - Sure Blade                     Hexes/Charms                 2
   c - Ensorcelled Hibernation        Hexes/Ice                    2
   d - Confuse                        Hexes                        3
   e - Dazzling Spray                 Conjuration/Hexes            3
   f - Enslavement                    Hexes                        4
Comestibles
 d - a bread ration


   Skills:
 - Level 1.0 Short Blades
 - Level 2.4 Dodging
 - Level 9.6 Stealth
 * Level 3.0 Spellcasting
 + Level 4.0 Hexes


You couldn't memorise any spells.
You knew the following spells:

 Your Spells              Type           Power        Failure   Level  Hunger
a - Corona                Hex            ###....      2%          1    None
b - Ensorcelled Hibernat  Hex/Ice        ##....       12%         2    ##.....
c - Confuse               Hex            ###.....     10%         3    ###....
d - Sure Blade            Hex/Chrm       ##........   12%         2    ##.....


Dungeon Overview and Level Annotations

Branches:
Dungeon (1/1)

Altars:
Cheibriados
Dithmenos
Elyvilon
Fedhas
Gozag
Kikubaaqudgha
Makhleb
Nemelex Xobeh
Okawaru
Qazlal
Ru
Sif Muna
Trog
Vehumet
Xom
Yredelemnul
Zin
The Shining One
Beogh
Jiyva
Lugonu


Message History

The yellow wasp stings you but does no damage. x2
You miss the yellow wasp.
The yellow wasp stings you but does no damage.
You puncture the yellow wasp!
The yellow wasp is moderately wounded.
The yellow wasp closely misses you. The yellow wasp stings you.
You are poisoned.
You feel as though you will be slow longer.
You closely miss the yellow wasp.
The yellow wasp is moderately wounded.
You feel sick.
The yellow wasp stings you but does no damage.
The yellow wasp stings you.
* * * LOW HITPOINT WARNING * * *
You feel as though you will be slow longer.
You barely miss the yellow wasp.
The yellow wasp is moderately wounded.
* * * LOW HITPOINT WARNING * * *
You feel sick. The yellow wasp stings you.
You die...

▓.▓
▓.▓
▓.▓
▓.▓
▓.▓
▓.▓
▓[▓
▓.▓
▓@▓
▓y▓
▓S▓
▓b▓
▓h▓
▓B▓
▓O▓
▓.▓
▓+▓


You could see a goliath beetle, an ogre, a yellow wasp, an adder, a jackal and a
bat.

Vanquished Creatures
  A crimson imp (D)
  2 bats (D)
  A bat skeleton (D)
  2 giant cockroaches (D)
  2 goblins (D)
  A kobold (D)
  A rat (D)
10 creatures vanquished.

Notes
Turn   | Place    | Note
--------------------------------------------------------------
     0 | D        | BluebellGnoll, the Deep Elf Enchanter, began the quest for the Orb.
     0 | D        | Reached XP level 1. HP: 10/10 MP: 5/5
    13 | D        | Reached skill level 5 in Stealth
    33 | D        | Reached skill level 6 in Stealth
   149 | D        | Noticed a crimson imp
   160 | D        | Reached XP level 2. HP: 12/15 MP: 4/8
   179 | D        | Found a glowing silver altar of Zin.
   179 | D        | Found a glowing golden altar of the Shining One.
   179 | D        | Found an ancient bone altar of Kikubaaqudgha.
   179 | D        | Found a basalt altar of Yredelemnul.
   179 | D        | Found a shimmering altar of Xom.
   179 | D        | Found a radiant altar of Vehumet.
   179 | D        | Found an iron altar of Okawaru.
   180 | D        | Found a burning altar of Makhleb.
   181 | D        | Found a deep blue altar of Sif Muna.
   183 | D        | Found a bloodstained altar of Trog.
   184 | D        | Found a sparkling altar of Nemelex Xobeh.
   185 | D        | Found a white marble altar of Elyvilon.
   186 | D        | Found a roughly hewn altar of Beogh.
   187 | D        | Found a viscous altar of Jiyva.
   188 | D        | Became a worshipper of Vehumet
   189 | D        | Found a corrupted altar of Lugonu.
   190 | D        | Found a blossoming altar of Fedhas.
   191 | D        | Found a snail-covered altar of Cheibriados.
   192 | D        | Found a shadowy altar of Dithmenos.
   193 | D        | Found a stormy altar of Qazlal.
   194 | D        | Found an opulent altar of Gozag.
   195 | D        | Found a sacrificial altar of Ru.
   244 | D        | Killed a crimson imp
   244 | D        | Reached skill level 9 in Stealth
   244 | D        | Reached XP level 3. HP: 13/19 MP: 7/10
   338 | D        | Learned a level 2 spell: Ensorcelled Hibernation
   342 | D        | Learned a level 3 spell: Confuse
   345 | D        | Learned a level 2 spell: Sure Blade
   345 | D        | Noticed a yellow wasp
   345 | D        | Noticed a goliath beetle
   345 | D        | Noticed an ogre
   353 | D        | Slain by a yellow wasp

Action                   || total
-------------------------++-------
Melee: Dagger            ||    39
       Scimitar          ||     4
       Rapier            ||     4
 Cast: Corona            ||    11
       Confuse           ||     2
  Use: Potion            ||     2
